 Dungeon Crawl Stone Soup version 0.29-a0-221-gceb61267dd (webtiles) character file.

Game seed: 2617695158162057965

221 mcwallace the Bolt Thrower (level 6, -13/47 HPs)
             Began as a Formicid Hunter on Feb 26, 2022.
             Killed from afar by Ijyb (23 damage)
             ... with a bolt of acid
             ... on level 4 of the Dungeon.
             The game lasted 00:07:11 (3271 turns).

mcwallace the Bolt Thrower (Formicid Hunter)        Turns: 3271, Time: 00:07:12

Health: -13/47     AC:  1    Str: 16    XL:     6   Next: 19%
Magic:  9/9        EV: 12    Int: 11    God:
Gold:   83         SH:  0    Dex: 13    Spells: 9/9 levels left

rFire   . . .      SeeInvis +   a - +1 hand crossbow {crossbow}
rCold   . . .      Faith    .   (no shield)
rNeg    . . .      Spirit   .   b - +0 leather armour
rPois   .          Reflect  .   (helmet unavailable)
rElec   .          Harm     .   E - scarf {+Inv}
rCorr   .          Rampage  .   (no gloves)
Will    .....                   r - +1 pair of boots
Stlth   +.........              h - amulet of regeneration {@e2}
HPRegen 0.95/turn               (no ring)
MPRegen 0.11/turn               (no ring)

@: corroded
A: permanent stasis, dig shafts and tunnels, antennae 3, four strong arms
a: Dig, Shaft Self, Evoke Invisibility


You were on level 4 of the Dungeon.
You visited 1 branch of the dungeon, and saw 4 of its levels.

You collected 83 gold pieces.


Innate Abilities, Weirdness & Mutations

You cannot be hasted, slowed, berserked, paralysed or teleported.
You can dig through walls and to a lower floor.
You have a pair of large antennae on your head. (SInv)
Your four strong arms can wield two-handed weapons with a shield.


   Skills:
 + Level 3.5 Fighting
 + Level 4.8 Crossbows
 + Level 1.3 Armour
 + Level 3.0 Dodging
 - Level 1.2 Stealth
 + Level 2.4 Spellcasting
 + Level 0.0 Evocations


You had 9 spell levels left.
You didn't know any spells.
Your spell library contained the following spells:

 Spells                   Type           Power      Damage    Failure   Level
 Pain                     Necr           4%         1d4       34%         1
 Shock                    Conj/Air       4%         1d3       34%         1
 Airstrike                Air            0%         N/A       98%         4
 Agony                    Necr           1%         N/A       100%        5
 Excruciating Wounds      Necr           0%         N/A       100%        5
 Swiftness                Air            Unusable   N/A       N/A         3

Inventory:

Hand Weapons
 a - a +1 hand crossbow (weapon) {crossbow}
 k - a +0 trident {polearm}
   (You found it on level 2 of the Dungeon)
 m - a +0 falchion of pain {long}
   (You found it on level 2 of the Dungeon)
Missiles
 f - 6 boomerangs {throwing}
 l - 72 stones {throwing}
Armour
 b - a +0 leather armour (worn)
 g - a +0 robe
   (You found it on level 1 of the Dungeon)
 r - a +1 pair of boots (worn)
   (You found it on level 2 of the Dungeon)
 s - a +0 robe
   (You found it on level 2 of the Dungeon)
 u - a +0 leather armour
   (You found it on level 3 of the Dungeon)
 y - a +0 chain mail
   (You took it off an orc on level 3 of the Dungeon)
 z - a +0 robe
   (You took it off an orc wizard on level 3 of the Dungeon)
 A - a +0 ring mail
   (You took it off an orc on level 3 of the Dungeon)
 B - a +0 leather armour
   (You took it off an orc on level 3 of the Dungeon)
 E - a scarf of invisibility (worn)
   (You found it on level 4 of the Dungeon)
Jewellery
 h - an amulet of regeneration (around neck) {@e2}
   (You found it on level 2 of the Dungeon)
 p - a +6 ring of intelligence
   (You found it on level 2 of the Dungeon)
Scrolls
 c - a scroll of amnesia {unknown}
 d - 2 scrolls of teleportation {@r4}
 i - a scroll of blinking {unknown}
 j - a scroll of enchant weapon {unknown}
 q - a scroll of fog {unknown}
 v - a scroll of fear {unknown}
 w - a scroll of vulnerability {unknown}
 x - 3 scrolls of noise {unknown}
Potions
 e - a potion of attraction {unknown}
 n - a potion of ambrosia {unknown}
 o - a potion of curing {unknown}
 t - a potion of berserk rage {unknown}
 C - a potion of heal wounds {unknown}
 D - a potion of invisibility {unknown}

Dungeon Overview and Level Annotations

Branches:
Dungeon (4/15)
 Temple: D:4-7

Altars:
The Shining One

Annotations:
D:3 Sigmund
D:4 exclusion: black bear, Dowan, Duvessa, Ijyb

..# #.# #.#
#g# #.# #.#
#.# ######'##
....
........@#
....
.........#
....
.h.......#####
....
.........'..<#
..e.
.........#####
....
.........#
....
.........#
........#
........#


You could see Ijyb and a jackal (wandering).


Message History

Press: ? - help, Q - select action, (/) - cycle Shift-Dir - straight line, f/p - Duvessa
Aim: Duvessa, wielding a +0 short sword and wearing a +0 scale mail (lightly wounded, 70% to hit)
You shoot a bolt.
The bolt hits Duvessa but does no damage.
Duvessa hits you but does no damage.
Shoot: a) +1 hand crossbow {crossbow}
Press: ? - help, Q - select action, (/) - cycle Shift-Dir - straight line, f/p - Duvessa
Aim: Duvessa, wielding a +0 short sword and wearing a +0 scale mail (lightly wounded, 70% to hit)
You shoot a bolt.
The bolt hits Duvessa but does no damage.
Duvessa hits you with a +0 short sword! 😕 HP[-8]
You take 8 damage, and now have 39/47 hp.
Shoot: a) +1 hand crossbow {crossbow}
Press: ? - help, Q - select action, (/) - cycle Shift-Dir - straight line, f/p - Duvessa
Aim: Duvessa, wielding a +0 short sword and wearing a +0 scale mail (lightly wounded, 70% to hit)
You shoot a bolt. The bolt barely misses Duvessa.
Duvessa hits you with a +0 short sword. Duvessa barely misses you.
Shoot: a) +1 hand crossbow {crossbow}
Press: ? - help, Q - select action, (/) - cycle Shift-Dir - straight line, f/p - Duvessa
Aim: Duvessa, wielding a +0 short sword and wearing a +0 scale mail (lightly wounded, 70% to hit)
You shoot a bolt. The bolt hits Duvessa!
Duvessa hits you with a +0 short sword. 😕 HP[+1] Shoot: a) +1 hand crossbow {crossbow}
Press: ? - help, Q - select action, (/) - cycle Shift-Dir - straight line, f/p - Duvessa
Aim: Duvessa, wielding a +0 short sword and wearing a +0 scale mail (moderately wounded, 70% to hit)
You shoot a bolt. The bolt completely misses Duvessa.
The bolt hits Dowan but does no damage. 😕 HP[+1] Shoot: a) +1 hand crossbow {crossbow}
Press: ? - help, Q - select action, (/) - cycle Shift-Dir - straight line, f/p - Duvessa
Aim: Duvessa, wielding a +0 short sword and wearing a +0 scale mail (moderately wounded, 70% to hit)
You shoot a bolt.
The bolt hits Duvessa but does no damage.
Duvessa hits you with a +0 short sword! 😮 HP[-7]
You take 7 damage, and now have 34/47 hp.
Shoot: a) +1 hand crossbow {crossbow}
Press: ? - help, Q - select action, (/) - cycle Shift-Dir - straight line, f/p - Duvessa
Aim: Duvessa, wielding a +0 short sword and wearing a +0 scale mail (moderately wounded, 70% to hit)
You shoot a bolt.
The bolt hits Duvessa but does no damage.
Dowan points at you and mumbles some strange words.
The puff of flame hits you. Duvessa misses you.
Duvessa barely misses you. 😮 HP[-2]
You take 2 damage, and now have 32/47 hp.
Duvessa hits you with a +0 short sword!
* * * LOW HITPOINT WARNING * * *
You climb upwards.
Level annotation: Sigmund
There is a stone staircase leading down here. 😮 HP[-7]
You take 7 damage, and now have 25/47 hp.
You start resting. 😎 HP[+22]
Your hp is fully restored (47).
There is a stone staircase leading up here.
There is a stone staircase leading down here.
You can't go up here!
You climb downwards.
Level annotation: exclusion: black bear, Dowan, Duvessa
There is a stone staircase leading up here.
You open the door.
There is an open door here.
You open the door.
A jackal comes into view.
There is an open door here.
Ijyb the Twisted Goblin comes into view.
She is wielding a +0 dagger and carrying a wand of acid (13).
Shoot: a) +1 hand crossbow {crossbow}
Press: ? - help, Q - select action, (/) - cycle Shift-Dir - straight line, f - Ijyb
Aim: Ijyb, wielding a +0 dagger, wearing a +0 leather armour and carrying a wand of acid (13) (wandering, hasn't noticed you, 56% to hit)
You shoot a bolt. The bolt barely misses Ijyb.
Ijyb shouts!
Ijyb zaps a wand.
The bolt of acid misses you.
Shoot: a) +1 hand crossbow {crossbow}
Press: ? - help, Q - select action, (/) - cycle Shift-Dir - straight line, f/p - Ijyb
Aim: Ijyb, wielding a +0 dagger, wearing a +0 leather armour and carrying a wand of acid (12) (56% to hit)
You shoot a bolt. The bolt closely misses Ijyb.
Ijyb zaps a wand.
The bolt of acid hits you!!
Ouch! That really hurt!
* * * LOW HITPOINT WARNING * * *
😨 HP[-27]
You take 27 damage, and now have 20/47 hp.
MASSIVE DAMAGE!! (PAUSE) 😨 HP[+1] 😨 HP[+1] Ijyb zaps a wand.
The bolt of acid hits you!
* * * LOW HITPOINT WARNING * * *
The acid corrodes you!
There is an open door here. 😱 HP[-13]
You take 13 damage, and now have 9/47 hp.
MASSIVE DAMAGE!! (PAUSE) Ijyb zaps a wand.
The bolt of acid hits you!!
You die...

Skill      XL: |  1  2  3  4  5 |
---------------+----------------+-----
Dodging        | 2 3 |  3.0
Spellcasting   | 1 2 |  2.4
Fighting       | 3 |  3.5
Armour         | 1 |  1.3
Crossbows      | |  4.8
Stealth        | |  1.2

Action                   |  1- 3 |  4- 6 || total
-------------------------+-------+-------++-------
 Fire: Hand crossbow     |   104 |   190 ||   294
 Abil: Dig               |     2 |     2 ||     4
  Use: Scroll            |       |     1 ||     1
Armor: Leather armour    |    13 |    24 ||    37
Dodge: Dodged            |    17 |    71 ||    88

Levels and vault maps discovered:
D:1:      matt_arrival_los_fun, layout_loops_cross, nicolae_figureground_pulse
D:2:      layout_basic, hellmonk_ecumenical_altar_dog_temple, serial_curves,
          eino_curves_02, eino_curves_02
D:3:      layout_loops_ring, mainiacjoe_overflow_24_doors, uniq_sigmund
D:4:      layout_basic, grunt_gozag_statues, uniq_crazy_yiuf_cottage,
          uniq_duvessa, uniq_ijyb

Notes
Turn   | Place    | Note
-------+----------+-------------------------------------------
     0 | D:1      | mcwallace the Formicid Hunter began the quest for the Orb.
     0 | D:1      | Reached XP level 1. HP: 16/16 MP: 1/1
     0 | D:1      | magus.rc [v1.9.6]
   148 | D:1      | Reached XP level 2. HP: 23/23 MP: 2/2
   214 | D:1      | Reached skill level 2 in Dodging
   394 | D:1      | Reached skill level 1 in Spellcasting
   423 | D:1      | Reached XP level 3. HP: 28/28 MP: 4/4
  1086 | D:2      | Reached XP level 4. HP: 34/34 MP: 6/6
  1112 | D:2      | Found a faded altar of an unknown god.
  1154 | D:2      | Reached skill level 3 in Fighting
  1594 | D:2      | You pick up a book of Air and begin reading...
  1594 | D:2      | You add the spells Shock and Airstrike to your library.
  1800 | D:3      | Reached XP level 5. HP: 32/41 MP: 7/7
  1856 | D:3      | Noticed Sigmund
  1985 | D:3      | Reached skill level 2 in Spellcasting
  2041 | D:3      | Found a glowing golden altar of the Shining One.
  2922 | D:4      | Noticed a bullfrog
  2947 | D:4      | Killed a bullfrog
  2948 | D:4      | Reached skill level 1 in Armour
  2948 | D:4      | Reached skill level 3 in Dodging
  2948 | D:4      | Reached XP level 6. HP: 46/47 MP: 9/9
  2983 | D:4      | You pick up a book of Pain and begin reading...
  2983 | D:4      | You add the spells Pain, Agony and Excruciating Wounds to
                  | your library.
  3127 | D:4      | Noticed a black bear
  3179 | D:4      | Noticed Dowan
  3180 | D:4      | Noticed Duvessa
  3265 | D:4      | Noticed Ijyb
  3270 | D:4      | HP: 9/47 [Ijyb/bolt of acid (14)]
  3271 | D:4      | Killed from afar by Ijyb

Vanquished Creatures
  A bullfrog (D:4)
  An orc wizard (D:3)
  3 adders
  A worm (D:2)
  4 dart slugs
  4 orcs (D:3)
  7 bats
  11 endoplasms
  6 giant cockroaches
  13 goblins
  4 hobgoblins
  4 jackals (D:2)
  2 quokkas
  6 ball pythons
  5 frilled lizards
  3 kobolds
  11 rats
86 creatures vanquished.

Table legend:
 A = Non-vault XP
 B = Vault XP
 C = Vault XP percentage of total XP
 D = Non-vault monster count
 E = Vault monster count
 F = Vault count percentage of total count
                 A         B        C        D         E       F
            +---------+---------+-------+---------+---------+-------
      Total |     309 |       8 |   2.5 |      82 |       4 |   4.7
            +---------+---------+-------+---------+---------+-------
        D:1 |      41 |       0 |   0.0 |      25 |       0 |   0.0
        D:2 |      79 |       8 |   9.2 |      30 |       4 |  11.8
        D:3 |      82 |       0 |   0.0 |      21 |       0 |   0.0
        D:4 |     107 |       0 |   0.0 |       6 |       0 |   0.0
            +---------+---------+-------+---------+---------+-------

Illustrated notes

Table legend:
 A = Kills in this place as a percentage of kills in entire the game.
 B = Kills by you in this place as a percentage of kills by you in the entire game.
 C = Kills by friends in this place as a percentage of kills by friends in the entire game.
 D = Other kills in this place as a percentage of other kills in the entire game.
 E = Experience gained in this place as a percentage of experience gained in the entire game.
 F = Experience gained in this place divided by the number of levels of this place that you have seen.
                   A       B       C       D       E      F
               +-------+-------+-------+-------+-------+----------------------
         Total | 100.0 | 100.0 |   N/A |   N/A | 100.0 |  79.2
       Dungeon | 100.0 | 100.0 |   N/A |   N/A | 100.0 |  79.2
               +-------+-------+-------+-------+-------+----------------------

Table legend: (Time is in decaauts)
 A = Elapsed time spent in this place.
 B = Non-inter-level travel time spent in this place.
 C = Inter-level travel time spent in this place.
 D = Time resting spent in this place.
 E = Time spent auto-exploring this place.
 F = Levels seen in this place.
 G = Mean time per level.
                   A        B        C        D        E       F      G
               +--------+--------+--------+--------+--------+-----+--------+
         Total |   3363 |   3259 |    104 |     23 |   2576 |   4 |  840.8 |
       Dungeon |   3363 |   3259 |    104 |     23 |   2576 |   4 |  840.8 |
               +--------+--------+--------+--------+--------+-----+--------+

Top non-repeatable levels by time:
     D:2: 1071 daAuts
     D:3: 1052 daAuts
     D:1: 767 daAuts
     D:4: 471 daAuts
